Map: Blueshift LE

Players

INject - Winner!

  • Race: Terran Terran
  • League: Platinum
  • Spawn Location: 7:00

IFTheStar

  • Race: Zerg Zerg
  • League: Diamond
  • Spawn Location: 1:00

VOD

Have the link to the VOD?

Description

baserace

Time

  • Played on: Dec. 14, 2018, 5:18 a.m.
  • Length: 14:52
Show
View Real Time Build Order
Export as new Build Order

INject Terran - Winner!

Build Orders: Gas First Reaper Expand 

Get SALT Encoding   

  12  0:01  SCV  
  13  0:13  SCV  
  14  0:17  Supply Depot  
  14  0:25  SCV  
  14  0:28  Refinery  
  15  0:38  SCV  
  16  0:45  Barracks  
  16  0:50  SCV  
  17  1:03  SCV  
  18  1:15  SCV  
  19  1:32  Orbital Command  
  19  1:33  Reaper  
  19  1:48  Command Center  
  19  1:55  Supply Depot  
  19  2:07  Factory  
  19  2:09  Marine  
  20  2:16  Refinery  
  20  2:19  SCV  
  21  2:31  Barracks Reactor  
  21  2:33  SCV  
  22  2:45  SCV  
  22  2:53  Hellion  
  22  2:55  Factory  
  22  2:57  SCV  
  25  3:05  Orbital Command  
  25  3:09  SCV  
  25  3:11  Marine  
  25  3:12  Marine  
  28  3:17  Widow Mine  
  30  3:24  SCV  
  31  3:33  Marine  
  31  3:34  Marine  
  33  3:36  SCV  
  33  3:39  SCV  
  35  3:41  Factory Tech Lab  
  35  3:47  Starport  
  35  3:48  SCV  
  35  3:49  Factory Reactor  
  35  3:52  Reaper  
  37  4:00  Engineering Bay  
  37  4:02  SCV  
  38  4:03  SCV  
  39  4:14  SCV  
  39  4:16  Orbital Command  
  40  4:21  Supply Depot  
  40  4:26  SCV  
  40  4:28  Marine x2  
  40  4:30  Siege Tank  
  46  4:43  SCV  
  47  4:45  Marine  
  47  4:46  Supply Depot, Marine  
  47  4:49  Factory Tech Lab  
  47  4:50  Medivac  
  51  4:53  Medivac  
  51  4:55  SCV  
  54  5:03  Supply Depot  
  54  5:07  SCV x2, Marine  
  54  5:08  Engineering Bay  
  57  5:14  Marine, Terran Infantry Weapons Level 1  
  57  5:19  SCV x2  
  60  5:25  Marine  
  61  5:31  SCV  
  61  5:32  Marine  
  61  5:33  Supply Depot  
  63  5:43  Supply Depot, SCV, Marine  
  63  5:47  Terran Infantry Armor Level 1  
  65  5:50  Marine  
  65  5:51  Command Center  
  65  5:53  SCV  
  65  5:54  Barracks  
  65  5:55  SCV  
  68  6:00  Marine  
  68  6:01  Refinery  
  69  6:05  SCV  
  69  6:07  Refinery  
  69  6:08  Marine  
  71  6:18  Marine  
  71  6:21  SCV  
  71  6:22  SCV  
  74  6:25  Marine  
  74  6:28  Siege Tank  
  74  6:29  Factory Tech Lab  
  78  6:33  SCV  
  78  6:34  SCV  
  78  6:35  Missile Turret  
  78  6:36  Marine  
  78  6:38  Armory  
  79  6:43  Barracks, Marine  
  79  6:45  SCV  
  79  6:46  SCV  
  80  6:52  Supply Depot  
  80  6:54  Supply Depot, Marine  
  80  6:57  SCV  
  81  7:01  Marine  
  81  7:02  Barracks Reactor, Barracks  
  81  7:03  Siege Tank  
  81  7:06  Orbital Command  
  85  7:09  SCV  
  85  7:12  Marine  
  87  7:19  Marine  
  88  7:29  Marine  
  88  7:31  Supply Depot  
  88  7:32  Supply Depot, Sensor Tower  
  88  7:33  Command Center, Orbital Command  
  88  7:37  Marine  
  89  7:38  SCV  
  89  7:44  SCV  
  92  7:45  Siege Tank, Marine x2  
  92  7:47  Marine  
  98  7:54  Marine  
  98  7:55  Barracks Reactor  
  98  7:58  SCV x2, Barracks  
  101  8:00  Barracks  
  101  8:05  Marine, Sensor Tower  
  100  8:11  SCV  
  100  8:12  SCV, Marine  
  100  8:15  Stimpack, Refinery  
  101  8:22  Siege Tank  
  101  8:24  SCV  
  105  8:32  SCV, Marine x2, Medivac  
  110  8:34  Marine  
  110  8:35  Marine  
  110  8:36  SCV  
  110  8:40  Refinery  
  112  8:44  SCV, Missile Turret  
  112  8:46  Barracks Reactor  
  112  8:48  SCV  
  112  8:52  Marine  
  112  8:55  Missile Turret  
  110  8:56  Missile Turret x2  
  110  8:57  Marine  
  104  9:07  SCV, Marine x2  
  104  9:08  Orbital Command  
  106  9:12  Marine x2  
  106  9:13  Missile Turret  
  105  9:24  SCV  
  105  9:30  Marine x3  
  105  9:31  Marine x5  
  110  9:32  SCV  
  110  9:36  SCV  
  115  9:39  Siege Tank  
  115  9:41  Barracks Reactor  
  115  9:44  SCV  
  118  9:46  SCV  
  118  9:47  Missile Turret  
  118  9:48  SCV, Marine  
  121  9:56  Medivac x2, Marine x2, SCV  
  121  9:57  Marine  
  129  10:00  Marine x3  
  132  10:11  Siege Tank, Supply Depot x2  
  135  10:14  Missile Turret  
  135  10:15  SCV  
  136  10:29  Marine x2  
  136  10:33  Marine x3  
  136  10:34  Marine  
  142  10:38  Marine  
  142  10:39  Orbital Command, Marine x2  
  142  10:40  Missile Turret  
  145  10:43  Terran Infantry Weapons Level 2, Terran Infantry Armor Level 2  
  145  10:52  Marine x2  
  145  10:53  Marine  
  147  10:57  Marine x2  
  147  10:59  Marine x3  
  147  11:00  Marauder x2  
  133  11:10  Marine x3  
  118  11:15  Marine x2  
  118  11:17  Marine x3  
  104  11:21  Marauder x2  
  105  11:28  Marine x3  
  107  11:33  Marine x2  
  107  11:35  Marine x2  
  110  11:42  Marauder  
  110  11:43  Marauder  
  110  11:47  Marine x4  
  102  11:52  Marine x2  
  95  12:00  Marine  
  80  12:04  Marauder x2  
  78  12:25  Marauder, SCV  
  78  12:26  SCV  
  82  12:33  Marine  
  82  12:34  Marine x3  
  85  12:42  Siege Tank  
  79  12:59  Marine x2  
  79  13:00  Marine x3  
  79  13:01  Marine x2  
  79  13:03  Marine x3  
  79  13:14  Siege Tank  
  79  13:17  Marine x3  
  79  13:18  Marine  
  86  13:21  Marauder, Marine  
  86  13:22  Marine x3  
  92  13:30  Marine  
  93  13:35  Marine  
  93  13:39  SCV x2  
  93  13:41  Marine x3  
  98  14:11  Marine x2  
  98  14:12  Marauder x2, Marine x2  
  98  14:16  Refinery  
Show
View Real Time Build Order
Export as new Build Order

IFTheStar Zerg 

Build Orders: Pool First 

Get SALT Encoding   

  12  0:02  Drone  
  13  0:10  Extractor  
  13  0:13  Drone  
  13  0:30  Spawning Pool  
  12  0:39  Overlord  
  12  0:42  Drone  
  13  1:03  Drone  
  14  1:17  Metabolic Boost  
  14  1:19  Zergling x6  
  17  1:36  Zergling x2  
  18  1:45  Hatchery  
  17  1:48  Drone  
  18  2:00  Drone  
  19  2:05  Drone  
  20  2:20  Drone  
  20  2:33  Drone  
  21  2:37  Overlord  
  21  2:54  Overlord  
  21  2:55  Queen  
  23  3:03  Drone  
  24  3:06  Drone  
  25  3:14  Roach Warren  
  25  3:15  Hatchery  
  25  3:18  Drone x2  
  25  3:19  Drone x2  
  27  3:30  Queen  
  29  3:39  Evolution Chamber  
  28  3:44  Drone x2, Extractor  
  29  3:53  Lair  
  29  4:00  Drone x2  
  31  4:03  Drone  
  31  4:05  Drone  
  33  4:13  Drone x2  
  33  4:14  Drone  
  33  4:25  Queen  
  33  4:26  Overlord  
  35  4:32  Queen  
  37  4:41  Evolution Chamber  
  36  4:52  Pneumatized Carapace  
  36  4:56  Drone x3  
  36  4:57  Drone x4  
  43  5:03  Spine Crawler  
  42  5:13  Glial Reconstitution, Spore Crawler  
  41  5:21  Spire  
  41  5:22  Drone  
  41  5:34  Drone x5  
  41  5:35  Drone  
  47  5:38  Extractor  
  47  5:39  Extractor  
  47  5:42  Spore Crawler  
  44  5:47  Queen  
  47  5:50  Drone  
  47  5:51  Drone  
  47  5:53  Drone  
  47  5:55  Drone  
  50  5:58  Overseer  
  50  6:01  Overlord  
  50  6:07  Zergling x6  
  53  6:21  Roach x2  
  53  6:22  Roach x3  
  63  6:53  Overlord x2  
  63  6:54  Overlord  
  63  7:15  Mutalisk x6, Hatchery  
  67  7:16  Mutalisk  
  67  7:20  Zerg Flyer Weapons Level 1  
  76  7:23  Drone  
  77  7:30  Overlord x2  
  77  7:45  Mutalisk x2  
  77  7:46  Mutalisk  
  77  7:49  Drone x2  
  85  8:20  Drone x2  
  87  8:36  Roach x3  
  87  8:37  Roach x4  
  87  8:41  Hatchery  
  100  8:43  Extractor  
  99  8:57  Roach x3  
  105  9:15  Roach  
  105  9:16  Overlord x3  
  105  9:18  Zerg Missile Weapons Level 1  
  105  9:19  Zerg Ground Armor Level 1  
  105  9:20  Overlord x2  
  104  9:49  Roach x6  
  104  9:50  Roach x4  
  124  9:57  Overlord x2  
  124  10:10  Ravager x5  
  124  10:11  Ravager x5  
  124  10:12  Roach x2  
  138  10:17  Spine Crawler  
  138  10:18  Spine Crawler  
  138  10:20  Spore Crawler  
  133  10:46  Drone x2  
  133  10:47  Drone x5  
  101  11:12  Roach  
  101  11:13  Roach x6  
  101  11:14  Roach  
  101  11:17  Roach x5  
  101  11:18  Roach  
  115  11:21  Zergling x6  
  115  11:22  Zergling x2  
  113  11:41  Roach x6  
  118  11:51  Zergling x4  
  93  12:01  Zergling x6  
  81  12:12  Zergling x6  
  80  12:23  Roach x3  
  86  12:31  Zergling x4  
  86  12:41  Roach x2  
  87  12:52  Roach x4  
  68  13:15  Roach x6  
  70  13:27  Roach x6  
  70  13:28  Roach x4  
  72  13:49  Ravager x6  
  72  13:50  Ravager x4, Roach  
  72  13:51  Roach x3  
  82  14:08  Roach x3  
  82  14:09  Roach x2  
  81  14:17  Ravager  
  81  14:18  Ravager  
  63  14:27  Roach x3  
  63  14:28  Roach  
Tags
 
Add a new tag
Caveats
  • Supply blocks, unpowered buildings, or Contaminate may cause inaccurate times.
  • Supply counts are checked every 10 seconds.